Map: Neon Violet Square LE

Players

Maru - Winner!

  • Race: Terran Terran
  • Spawn Location: 11:00

Stats

  • Race: Protoss Protoss
  • Spawn Location: 5:00

Event: IEM Season 12 - Katowice

VOD

Have the link to the VOD?

Description

Time

  • Played on: Feb. 26, 2018, 7:26 a.m.
  • Length: 25:54

All games in this series

Show
View Real Time Build Order
Export as new Build Order

Maru Terran - Winner!

Build Orders: Reaper Expand, MMM Bio 

Get SALT Encoding   

  12  0:00  SCV  
  13  0:13  SCV  
  14  0:17  Supply Depot  
  14  0:25  SCV  
  15  0:39  SCV  
  15  0:40  Barracks  
  16  0:44  Refinery  
  16  0:51  SCV  
  17  1:03  SCV  
  18  1:15  SCV  
  19  1:27  Reaper  
  19  1:29  Orbital Command  
  20  1:46  Command Center  
  20  1:51  Supply Depot  
  20  1:54  SCV  
  20  1:59  Barracks Reactor  
  21  2:06  SCV  
  22  2:18  SCV  
  23  2:27  Command Center  
  23  2:31  SCV  
  23  2:35  Marine x2  
  26  2:46  Barracks  
  26  2:47  SCV  
  27  2:54  Marine x2  
  29  2:59  SCV  
  29  3:04  Orbital Command  
  30  3:09  Engineering Bay  
  30  3:13  Marine x2  
  30  3:17  SCV  
  33  3:29  SCV  
  33  3:32  Marine x2  
  33  3:33  Barracks Tech Lab  
  35  3:34  SCV  
  35  3:38  Missile Turret  
  36  3:41  SCV  
  36  3:44  Orbital Command  
  36  3:46  SCV  
  36  3:48  Terran Infantry Weapons Level 1  
  38  3:52  Stimpack  
  38  3:54  SCV  
  39  3:57  Marine  
  39  3:58  Marine  
  39  4:02  SCV  
  41  4:06  SCV  
  41  4:08  Barracks  
  41  4:09  SCV  
  42  4:10  Marine  
  42  4:14  SCV  
  42  4:16  Bunker  
  44  4:17  Marine  
  44  4:21  SCV x2  
  47  4:24  Marine  
  47  4:26  SCV  
  47  4:30  Missile Turret  
  48  4:32  Marine  
  48  4:33  SCV  
  48  4:35  Marine  
  48  4:37  SCV  
  49  4:38  SCV  
  49  4:40  Factory  
  49  4:42  Marine  
  49  4:45  Supply Depot, SCV  
  52  4:49  Marine  
  52  4:50  Refinery  
  52  4:51  Refinery  
  53  4:55  SCV, Barracks Tech Lab  
  53  4:59  Marine  
  54  5:00  Marine  
  54  5:01  SCV  
  54  5:02  SCV  
  54  5:04  Supply Depot  
  57  5:07  Marine  
  57  5:09  Refinery  
  57  5:10  SCV  
  57  5:13  SCV  
  57  5:14  Marine  
  61  5:16  Combat Shields  
  61  5:17  SCV, Marine  
  61  5:18  Marine  
  61  5:19  Supply Depot  
  64  5:22  SCV  
  64  5:25  Factory Reactor  
  64  5:26  SCV, Starport  
  64  5:27  Marine  
  67  5:29  SCV  
  67  5:30  Supply Depot  
  67  5:31  Marine  
  67  5:34  SCV  
  69  5:38  SCV  
  69  5:41  SCV  
  69  5:42  Terran Infantry Armor Level 1  
  71  5:45  Marine x2  
  71  5:46  SCV  
  74  5:50  SCV  
  74  5:52  Refinery  
  74  5:53  SCV, Refinery  
  74  5:55  Marine  
  74  5:56  Marine  
  78  5:58  SCV  
  78  6:01  Barracks x2  
  78  6:03  SCV  
  80  6:05  SCV  
  80  6:09  Marine  
  80  6:10  SCV, Marine  
  83  6:14  Marauder x2  
  83  6:17  SCV  
  88  6:21  Factory Reactor, Armory  
  88  6:22  Engineering Bay  
  88  6:25  Medivac  
  88  6:27  Medivac  
  88  6:28  Supply Depot x2  
  88  6:32  SCV x3  
  95  6:43  Starport  
  95  6:44  Marine x2, Marauder  
  95  6:45  Marauder  
  95  6:46  Concussive Shells  
  101  6:53  SCV  
  102  6:55  Supply Depot  
  102  6:56  Barracks Tech Lab  
  102  6:57  Supply Depot, Barracks Reactor  
  102  7:00  Widow Mine x2  
  106  7:03  Medivac x2  
  110  7:09  Terran Infantry Weapons Level 2  
  110  7:10  Terran Ship Weapons Level 1  
  110  7:14  Fusion Core  
  110  7:20  Starport Tech Lab  
  110  7:22  Marauder x3  
  116  7:23  Liberator  
  116  7:24  Liberator  
  115  7:32  Command Center  
  115  7:34  Supply Depot  
  125  7:44  Marauder x2  
  125  7:53  Terran Infantry Armor Level 2  
  125  7:56  Supply Depot  
  125  7:57  Supply Depot x2  
  125  8:01  Advanced Ballistics  
  125  8:04  Widow Mine x2  
  129  8:05  Liberator  
  129  8:08  Liberator  
  129  8:09  Marauder x2  
  133  8:26  Supply Depot  
  139  8:30  Marine x3  
  139  8:33  Marauder x3  
  148  8:35  Liberator  
  148  8:53  Supply Depot  
  151  8:58  Marine x2, Marauder x3  
  151  9:01  Marine x2, Liberator  
  162  9:16  Marine x2  
  159  9:18  Liberator  
  159  9:19  Marauder  
  159  9:20  Marauder  
  148  9:29  Marine, Marauder  
  144  9:32  Supply Depot  
  144  9:34  Barracks x2  
  144  9:36  Barracks  
  144  9:39  Liberator  
  144  9:41  Marauder, Liberator  
  144  9:42  Refinery  
  144  9:44  Sensor Tower  
  146  9:45  Marine x2  
  146  9:46  Marine, Marauder  
  146  9:47  Missile Turret x2, Refinery  
  146  9:49  Missile Turret  
  151  9:56  SCV  
  158  10:01  Medivac  
  158  10:02  SCV x2  
  162  10:07  Planetary Fortress  
  162  10:18  Terran Infantry Weapons Level 3, Medivac  
  162  10:19  SCV  
  165  10:24  Barracks Reactor, Barracks Tech Lab x2  
  165  10:32  Terran Infantry Armor Level 3  
  165  10:37  Marine, Terran Ship Weapons Level 2  
  166  10:49  Viking x2  
  170  10:50  Viking  
  170  10:55  Marauder x2  
  175  11:00  Supply Depot  
  175  11:01  Supply Depot  
  175  11:03  Viking  
  177  11:06  Starport  
  177  11:17  Command Center  
  177  11:18  SCV x2  
  177  11:24  Viking x2  
  183  11:29  Viking  
  183  11:32  Factory Reactor  
  185  11:36  Starport  
  185  11:40  Ghost Academy  
  185  11:54  Viking x2  
  185  11:55  Raven  
  185  11:57  Corvid Reactor  
  191  12:05  Command Center  
  191  12:10  Missile Turret  
  191  12:17  Ghost x2  
  191  12:18  Ghost  
  195  12:29  Personal Cloaking  
  194  12:39  Raven  
  194  12:40  Viking x2  
  199  12:48  Planetary Fortress  
  199  12:59  Refinery  
  199  13:00  Missile Turret, Sensor Tower  
  195  13:06  Viking x2  
  196  13:21  Viking x2  
  196  13:25  Command Center, Refinery  
  197  13:27  Ghost Academy x2  
  197  13:30  Ghost Academy  
  197  13:32  Raven  
  199  13:38  Planetary Fortress  
  199  13:42  SCV  
  200  13:54  Terran Ship Weapons Level 3  
  200  14:00  Nuke x3  
  200  14:04  Nuke  
  199  14:29  Starport  
  199  14:32  Starport x2  
  199  14:34  Starport  
  196  14:41  Building Armor  
  196  14:52  Ghost x3  
  197  14:56  Missile Turret  
  199  15:00  Orbital Command  
  199  15:04  Command Center  
  199  15:19  Starport Tech Lab x3  
  189  15:24  Starport Tech Lab  
  189  15:25  Nuke x2  
  189  15:29  Refinery  
  189  15:32  Viking x4  
  197  15:39  Ghost  
  197  15:43  Missile Turret x2  
  197  15:44  Missile Turret  
  197  16:01  Raven  
  199  16:13  Missile Turret, Command Center  
  199  16:14  Command Center  
  199  16:15  Missile Turret, Command Center  
  199  16:21  Hi-Sec Auto Tracking  
  199  16:24  Raven x2  
  199  16:25  Raven  
  200  16:32  Terran Vehicle And Ship Armor Level 1, Planetary Fortress  
  197  16:42  Missile Turret  
  197  16:43  SCV  
  197  16:44  SCV x4, Raven  
  200  16:58  Sensor Tower  
  200  17:07  Missile Turret  
  200  17:11  Refinery  
  198  17:29  Orbital Command x3  
  198  17:32  Raven  
  198  17:36  Nuke  
  200  17:41  Missile Turret  
  200  17:42  Missile Turret  
  198  17:51  Ghost  
  191  18:01  Ghost x3  
  191  18:02  Ghost  
  192  18:07  Nuke  
  192  18:14  Missile Turret x2  
  192  18:15  Missile Turret  
  192  18:20  Ghost  
  181  18:30  Ghost x4, Raven x5  
  181  18:32  Marine  
  196  18:38  Terran Vehicle And Ship Armor Level 2  
  182  18:46  Sensor Tower  
  182  18:48  Ghost, Missile Turret  
  182  18:49  Missile Turret  
  184  18:57  SCV x3  
  184  18:58  Ghost x2, SCV x5  
  184  18:59  Ghost, Marauder  
  184  19:01  Missile Turret  
  184  19:02  Missile Turret  
  200  19:12  Command Center  
  200  19:25  Raven  
  184  19:48  Raven x3  
  184  19:49  Viking x6  
  196  20:11  Raven x2  
  200  20:19  Refinery  
  200  20:20  Refinery  
  200  20:26  Command Center x2  
  200  20:27  Nuke x3  
  200  20:34  Command Center  
  191  20:51  SCV x4  
  191  20:53  Missile Turret  
  193  21:04  Planetary Fortress  
  193  21:08  Command Center  
  193  21:12  Command Center  
  193  21:23  Nuke x2  
  193  21:24  Ghost  
  193  21:25  Ghost  
  195  21:31  Liberator x3  
  200  21:55  Orbital Command x3  
  200  22:13  Command Center  
  200  22:14  Command Center  
  200  22:20  Nuke  
  200  22:21  Nuke x3  
  200  22:23  Terran Vehicle And Ship Armor Level 3  
  192  22:44  Orbital Command  
  192  22:45  Orbital Command  
  174  23:37  Battlecruiser  
  174  23:38  Battlecruiser x3  
  174  23:40  Ghost x2  
  166  23:59  Marine x3, Marauder x3  
  166  24:00  Marine x2  
  169  24:06  Planetary Fortress x2  
  169  24:08  Missile Turret x2  
  169  24:09  Marauder x2  
  167  24:13  Nuke x4  
  167  24:14  Weapon Refit  
  167  24:20  Ghost x2  
  167  24:23  Battlecruiser  
  177  24:36  Command Center x2  
  177  24:37  Command Center  
  177  24:40  Command Center  
  177  24:42  Battlecruiser  
  177  24:43  Marine x2  
  177  24:44  Marauder x3  
  172  25:02  Marine x2, Marauder x2  
  187  25:10  Marine x3, Marauder  
  187  25:11  Marauder x2  
  171  25:17  Marine  
  171  25:20  Marine x2  
  172  25:24  Marauder x2  
  172  25:28  Marine  
  178  25:32  Marauder  
  178  25:34  Marine x2  
  178  25:35  Marine  
Show
View Real Time Build Order
Export as new Build Order

Stats Protoss 

Build Orders: 1 Gate Expand, Oracle Opening, Carriers, Colossus Rush 

Get SALT Encoding   

  12  0:00  Probe  
  13  0:13  Probe  
  14  0:20  Pylon  
  14  0:25  Probe  
  15  0:38  Probe (Chrono Boost)  
  15  0:39  Gateway  
  16  0:47  Probe (Chrono Boost)  
  16  0:48  Assimilator  
  17  0:52  Probe  
  18  1:04  Probe  
  19  1:16  Probe  
  20  1:26  Nexus  
  20  1:35  Cybernetics Core  
  20  1:38  Probe  
  21  1:46  Assimilator  
  21  1:50  Probe  
  22  1:54  Pylon  
  22  2:02  Probe  
  23  2:11  Adept (Chrono Boost)  
  23  2:15  Probe  
  26  2:21  Stargate  
  26  2:27  Probe  
  26  2:29  Adept (Chrono Boost)  
  27  2:36  Warp Gate  
  29  2:38  Probe (Chrono Boost)  
  31  2:44  Probe (Chrono Boost)  
  31  2:49  Probe (Chrono Boost)  
  32  2:54  Probe x2 (Chrono Boost)  
  34  3:02  Oracle (Chrono Boost)  
  34  3:03  Probe  
  34  3:04  Probe  
  39  3:15  Probe  
  39  3:16  Probe  
  39  3:17  Pylon  
  41  3:28  Probe  
  41  3:29  Probe  
  41  3:31  Oracle (Chrono Boost)  
  46  3:40  Probe  
  46  3:41  Probe  
  48  3:44  Nexus  
  48  3:47  Pylon  
  48  3:52  Probe  
  48  3:53  Probe  
  50  4:04  Probe  
  50  4:05  Probe  
  52  4:12  Assimilator  
  52  4:13  Assimilator  
  52  4:14  Robotics Facility  
  52  4:16  Probe  
  53  4:17  Probe  
  53  4:18  Twilight Council  
  53  4:20  Forge  
  53  4:23  Pylon  
  54  4:28  Probe  
  54  4:29  Probe  
  53  4:41  Probe  
  53  4:42  Probe  
  53  4:44  Gateway x2  
  55  4:46  Sentry  
  57  4:54  Probe x2  
  57  4:59  Probe  
  60  5:01  Shield Battery  
  60  5:05  Protoss Ground Weapons Level 1 (Chrono Boost), Robotics Bay  
  60  5:06  Probe x2  
  62  5:08  Blink (Chrono Boost)  
  62  5:12  Probe  
  63  5:14  Assimilator x2  
  63  5:18  Probe x2  
  65  5:23  Observer  
  65  5:25  Probe  
  65  5:26  Pylon  
  67  5:30  Probe x2  
  69  5:43  Pylon, Colossus (Chrono Boost)  
  69  5:45  Stalker x3  
  75  5:52  Pylon  
  81  6:11  Extended Thermal Lance  
  81  6:15  Forge  
  81  6:16  Gateway  
  81  6:17  Gateway  
  78  6:19  Gateway  
  78  6:21  Sentry  
  78  6:22  Sentry  
  78  6:24  Nexus  
  82  6:25  Pylon  
  82  6:30  Colossus (Chrono Boost)  
  82  6:34  Phoenix  
  82  6:36  Protoss Ground Weapons Level 2 (Chrono Boost)  
  82  6:37  Stalker  
  90  6:40  Probe x3  
  90  6:42  Protoss Ground Armor Level 1  
  90  6:45  Pylon  
  93  6:47  Pylon  
  93  6:57  Stalker  
  95  7:03  Probe  
  95  7:04  Probe x2  
  98  7:13  Colossus (Chrono Boost)  
  98  7:15  Pylon  
  98  7:17  Stalker x2  
  108  7:29  Stalker x3  
  114  7:38  Fleet Beacon  
  114  7:39  Stargate  
  114  7:42  Probe  
  114  7:43  Probe x3  
  118  7:48  Assimilator x2  
  118  7:57  Warp Prism (Chrono Boost)  
  118  7:59  Probe x4  
  118  8:04  Pylon  
  124  8:08  Charge  
  124  8:14  Zealot x2  
  124  8:15  Stalker x3  
  134  8:27  Tempest (Chrono Boost)  
  134  8:30  Oracle (Chrono Boost)  
  134  8:33  Pylon x2  
  143  8:35  Observer  
  144  8:47  Protoss Air Weapons Level 1, Protoss Ground Weapons Level 3 (Chrono Boost)  
  144  8:55  Protoss Ground Armor Level 2 (Chrono Boost)  
  144  9:02  Tempest  
  144  9:05  Zealot x6  
  154  9:10  Probe  
  154  9:11  Probe x3  
  141  9:22  Tempest  
  141  9:23  Probe x4  
  136  9:31  Disruptor (Chrono Boost)  
  132  9:35  Probe x4  
  145  9:43  Pylon  
  145  9:47  Probe x4, Tempest  
  155  10:01  Disruptor (Chrono Boost)  
  155  10:04  Templar Archives  
  158  10:10  Nexus  
  158  10:18  Gateway  
  158  10:20  Gateway  
  158  10:22  Pylon  
  158  10:31  Tempest (Chrono Boost)  
  158  10:32  Robotics Facility  
  158  10:34  Tempest (Chrono Boost)  
  158  10:35  Observer (Chrono Boost)  
  165  10:41  Protoss Air Weapons Level 2  
  165  10:42  Pylon  
  168  10:59  Disruptor  
  168  11:03  Shield Battery  
  171  11:04  Shield Battery, Psionic Storm  
  171  11:05  Shield Battery, High Templar x2  
  171  11:08  Assimilator  
  175  11:13  Assimilator  
  175  11:14  Cybernetics Core  
  175  11:20  Protoss Shields Level 1 (Chrono Boost)  
  175  11:23  Protoss Ground Armor Level 3 (Chrono Boost)  
  173  11:26  High Templar x2  
  173  11:29  Shield Battery, Photon Cannon  
  177  11:41  Disruptor x2  
  183  11:49  Protoss Air Armor Level 1 (Chrono Boost)  
  183  11:52  Stargate  
  183  11:57  Carrier (Chrono Boost)  
  183  11:58  Carrier (Chrono Boost), Observer  
  193  12:27  Photon Cannon x2  
  193  12:28  Photon Cannon  
  193  12:30  High Templar  
  193  12:35  Pylon  
  190  12:44  Dark Shrine  
  190  12:50  Carrier (Chrono Boost)  
  190  12:51  Observer  
  197  12:58  High Templar  
  197  13:04  Protoss Shields Level 2 (Chrono Boost)  
  199  13:11  Protoss Air Weapons Level 3 (Chrono Boost)  
  199  13:17  Carrier (Chrono Boost)  
  199  13:19  Carrier (Chrono Boost)  
  195  13:31  Protoss Air Armor Level 2  
  195  13:36  Observer  
  195  13:38  Photon Cannon  
  195  13:40  Photon Cannon  
  196  13:42  Photon Cannon  
  196  13:44  Observer Gravitic Boosters  
  196  14:01  Shadow Stride  
  196  14:02  Warp Prism  
  196  14:03  Warp Prism  
  196  14:07  Nexus  
  196  14:09  Pylon  
  198  14:15  Stalker  
  198  14:19  Observer  
  198  14:24  Stalker  
  200  14:25  Observer  
  198  14:31  Stalker  
  198  14:33  Stalker  
  200  14:38  Gravitic Drive (Chrono Boost)  
  200  14:45  Observer  
  200  14:56  Photon Cannon  
  200  14:59  Protoss Shields Level 3 (Chrono Boost)  
  200  15:09  Photon Cannon  
  200  15:10  Photon Cannon  
  200  15:13  Photon Cannon  
  197  15:14  Shield Battery  
  197  15:16  Shield Battery  
  197  15:18  Observer  
  197  15:20  Graviton Catapult  
  196  15:50  Carrier (Chrono Boost)  
  196  15:51  Photon Cannon  
  196  15:52  Pylon, Protoss Air Armor Level 3 (Chrono Boost)  
  196  15:56  Carrier (Chrono Boost)  
  197  16:18  Dark Templar x4  
  198  16:25  Photon Cannon  
  200  16:26  Photon Cannon  
  200  16:28  Shield Battery, Photon Cannon  
  200  16:29  Photon Cannon  
  199  16:34  Shield Battery  
  199  16:44  Warp Prism (Chrono Boost)  
  193  16:47  Carrier (Chrono Boost)  
  199  17:03  Observer (Chrono Boost)  
  200  17:14  Warp Prism (Chrono Boost)  
  200  17:38  Oracle (Chrono Boost)  
  199  18:16  Zealot x2  
  192  18:21  Zealot  
  192  18:22  Zealot x3  
  192  18:27  Pylon  
  192  18:33  Dark Templar x2  
  194  18:40  Nexus  
  190  18:41  Pylon  
  190  18:46  Observer x2  
  190  18:48  Observer  
  192  18:56  Archon  
  192  18:58  Dark Templar x4  
  192  19:02  Archon x2  
  199  19:39  Observer  
  199  19:42  Carrier x3 (Chrono Boost)  
  173  20:05  Dark Templar x3  
  173  20:06  Dark Templar x5  
  189  20:22  Probe  
  189  20:23  Probe x5  
  195  20:31  Photon Cannon  
  195  20:32  Shield Battery  
  195  20:33  Photon Cannon x2  
  195  20:35  Shield Battery  
  195  20:39  Assimilator  
  195  20:41  Assimilator, Dark Templar  
  183  20:56  Carrier (Chrono Boost)  
  181  20:57  Carrier (Chrono Boost)  
  193  21:04  Nexus  
  193  21:06  Pylon  
  193  21:11  Carrier (Chrono Boost)  
  196  22:00  Observer x2  
  198  22:03  Dark Templar  
  186  22:39  Carrier x3 (Chrono Boost)  
  195  22:59  Probe x2  
  195  23:00  Probe x3  
  169  23:38  Stalker x5  
  169  23:39  Stalker x3  
  113  23:58  Carrier x2  
  123  24:03  Stalker  
  123  24:04  Stalker x7  
  139  24:10  Carrier  
  141  24:20  Pylon  
  141  24:27  High Templar x4  
  141  24:28  High Templar x3  
  141  24:29  High Templar  
  157  24:43  Photon Cannon  
  157  24:45  Photon Cannon, Assimilator  
  157  24:50  Assimilator  
  127  25:10  Archon x2  
  127  25:12  Stalker x8  
  114  25:35  Stalker, Dark Templar x2  
  108  25:36  Stalker x5  

Tags
 
Add a new tag
Caveats
  • Supply blocks, unpowered buildings, or Contaminate may cause inaccurate times.
  • Supply counts are checked every 10 seconds.